 Dungeon Crawl Stone Soup version 0.22.1-2-g9c5b331383 (webtiles) character file.

168 Gargoyl the Skirmisher (level 5, 0/46 HPs)
             Began as a Centaur Abyssal Knight on Nov 16, 2018.
             Was a Believer of Lugonu.
             Slain by an orc priest (5 damage)
             ... on level 4 of the Dungeon.
             The game lasted 00:06:18 (3718 turns).

Gargoyl the Skirmisher (Centaur Abyssal Knight)     Turns: 3718, Time: 00:06:19

Health: 0/46       AC:  6    Str: 15    XL:     5   Next: 24%
Magic:  7/7        EV:  9    Int: 11    God:    Lugonu [**....]
Gold:   173        SH:  0    Dex:  9    Spells: 4/4 levels left

rFire    . . .     SeeInvis .   d - +0 demon blade
rCold    . . .     Gourm    .   (no shield)
rNeg     . . .     Faith    .   b - +1 leather armour
rPois    +         Spirit   .   (no helmet)
rElec    .         Reflect  .   r - +0 cloak
rCorr    .         Harm     .   (no gloves)
MR       .....                  (no barding)
Stlth    ..........             (no amulet)
HPRegen  0.15/turn              s - ring of poison resistance
MPRegen  0.10/turn              (no ring)

@: very quick
A: large, hooves 3, deformed body, speed 2, tough skin 3
a: Depart the Abyss, Bend Space, Renounce Religion


You were on level 4 of the Dungeon.
You worshipped Lugonu.
Lugonu was pleased with you.
You were not hungry.

You visited 1 branch of the dungeon, and saw 4 of its levels.
You visited the Abyss 1 time.

You collected 173 gold pieces.

Inventory:

Hand Weapons
 a - a +1 hand axe
 d - a +0 demon blade (weapon)
Missiles
 f - 5 javelins (quivered)
Armour
 b - a +1 leather armour (worn)
 r - a +0 cloak (worn)
Jewellery
 s - a ring of poison resistance (left hand)
Scrolls
 g - a scroll of amnesia
 i - 3 scrolls of teleportation
 k - a scroll of fog
 l - 2 scrolls of remove curse
 p - 2 scrolls of identify
Potions
 e - a potion of haste
 h - a potion of curing {unknown}
 j - a potion of magic {unknown}
 m - 2 potions of might {unknown}
 n - 2 potions of heal wounds {unknown}
 o - 2 potions of lignification {unknown}
 q - a potion of invisibility {unknown}
 t - a potion of berserk rage {unknown}
Comestibles
 c - 5 rations


   Skills:
 + Level 3.9 Fighting
 + Level 2.4 Long Blades
 + Level 1.7 Axes
 * Level 2.0 Armour
 + Level 1.2 Dodging
 * Level 2.9 Invocations


You had 4 spell levels left.
You didn't know any spells.
Your spell library was empty.

Dungeon Overview and Level Annotations

Branches:
Dungeon (4/15)
 Temple: D:4-7

Altars:
Qazlal


Innate Abilities, Weirdness & Mutations

You have hooves in place of feet.
Armour fits poorly on your strangely shaped body.
You cover ground very quickly.
You have extremely tough skin. (AC +3)


Message History

The orc hits you from afar with a trident.
You closely miss the orc priest. The orc priest closely misses you.
The orc barely misses you.
Unknown command.
You hit the orc priest but do no damage.
The orc priest closely misses you.
The orc hits you from afar with a trident.
You hit the orc priest but do no damage.
You kick the orc priest, but do no damage.
The orc priest calls down the wrath of Beogh upon you.
Pain shoots through your body!
The orc hits you from afar with a trident.
* * * LOW HITPOINT WARNING * * *
The orc priest barely misses you.
You riposte.
You closely miss the orc priest. You hit the orc priest.
You kick the orc priest.
The orc priest is severely wounded.
The orc hits you from afar with a trident.
* * * LOW HITPOINT WARNING * * *
The orc priest hits you.
You die...

#..# #..##### #.#
#.o ...## #.# ...
...# #.# #o# #..#
#.# #.# #..# #.#
#.####..###.#
#go@.o......########
######..............
#..############ #.##
###


You could see an orc priest, a gnoll and an orc.

Vanquished Creatures
  A worker ant (D:4)
  4 adders
  An ooze (D:2)
  2 worms
  A dart slug (D:1)
  3 leopard geckos
  5 orcs
  A ball python (D:2)
  4 giant cockroaches
  9 goblins
  10 hobgoblins
  9 jackals
  A quokka (D:3)
  7 bats
  3 frilled lizards
  14 kobolds
  7 rats
82 creatures vanquished.

Notes
Turn   | Place    | Note
-------+----------+-------------------------------------------
     0 | Abyss:1  | Gargoyl the Centaur Abyssal Knight began the quest for the
                  | Orb.
     0 | Abyss:1  | Reached XP level 1. HP: 19/19 MP: 2/2
    20 | Abyss:2  | Noticed a large abomination
    30 | Abyss:2  | Found a corrupted altar of Lugonu.
    43 | D:1      | Escaped the Abyss
   438 | D:1      | Reached * piety under Lugonu
   438 | D:1      | Reached XP level 2. HP: 24/26 MP: 3/3
   637 | D:1      | Reached skill level 1 in Long Blades
   641 | D:1      | Reached skill level 1 in Dodging
  1018 | D:1      | Reached XP level 3. HP: 30/31 MP: 4/4
  1802 | D:2      | Found a stormy altar of Qazlal.
  2000 | D:2      | Reached XP level 4. HP: 40/40 MP: 5/5
  2042 | D:2      | Reached ** piety under Lugonu
  3652 | D:4      | Reached XP level 5. HP: 45/46 MP: 7/7
  3718 | D:4      | Slain by an orc priest

Skill      XL: |  1  2  3  4 |
---------------+-------------+-----
Long Blades    | 1 2 |  2.4
Dodging        | 1 |  1.2
Armour         | 2 |  2.0
Fighting       | |  3.9
Axes           | |  1.7
Invocations    | |  2.9

Action                   |  1- 3 |  4- 6 || total
-------------------------+-------+-------++-------
Melee: Demon blade       |   133 |    93 ||   226
       Kick              |    19 |    20 ||    39
Invok: Depart the Abyss  |     1 |       ||     1
  Use: Scroll            |     6 |     2 ||     8
  Eat: Chunk             |     2 |     5 ||     7
Armor: Leather armour    |    52 |    49 ||   101
Dodge: Dodged            |    74 |    71 ||   145
       Rpst.: Demon blade |    18 |    24 ||    42
